 Dungeon Crawl Stone Soup version 0.22-a0-570-g58866f5 (webtiles) character file.

35 Cunctator the Insei (level 3, 0/28 HPs)
             Began as a Gnoll Transmuter on June 30, 2018.
             Succumbed to an adder's poison
             ... on level 1 of the Dungeon.
             The game lasted 00:06:23 (1814 turns).

Cunctator the Insei (Gnoll Transmuter)              Turns: 1814, Time: 00:06:24

Health: 0/28       AC:  2    Str: 12    XL:     3   Next: 35%
Magic:  7/9        EV: 14    Int: 21    God:
Gold:   126        SH:  0    Dex: 15    Spells: 6/12 levels left

rFire    . . .     SeeInvis .   h - +0 club
rCold    . . .     Gourm    .   (no shield)
rNeg     . . .     Faith    .   b - +0 robe
rPois    .         Spirit   .   (no helmet)
rElec    .         Reflect  .   (no cloak)
rCorr    .         Harm     .   (no gloves)
MR       .....                  (no boots)
Stlth    ++........             (no amulet)
HPRegen  0.09/turn              (no ring)
MPRegen  0.11/turn              (no ring)

@: brilliant, lethally poisoned (0 -> -5)
A: distributed training, fangs 1, strong nose
a: no special abilities


You were on level 1 of the Dungeon.
You were not hungry.

You visited 1 branch of the dungeon, and saw 2 of its levels.

You collected 126 gold pieces.

Inventory:

Hand Weapons
 h - a +0 club (weapon)
 j - a +0 club
Missiles
 a - 10 arrows
 f - 78 stones (quivered)
 p - a throwing net
Armour
 b - a +0 robe (worn)
 k - a +0 leather armour
Scrolls
 e - a scroll of teleportation {unknown}
 g - a scroll of immolation {unknown}
 r - a scroll of identify {unknown}
 s - a scroll of magic mapping {unknown}
Potions
 c - a potion of agility {unknown}
 i - a potion of heal wounds {unknown}
 l - a potion of might {unknown}
 o - a potion of flight {unknown}
 q - a potion of curing {unknown}
Comestibles
 d - 3 rations
 m - 3 chunks of flesh


   Skills:
 + Level 2.6 Fighting
 + Level 0.7 Short Blades
 + Level 0.7 Long Blades
 + Level 0.7 Axes
 + Level 0.7 Maces & Flails
 + Level 0.7 Polearms
 + Level 0.7 Staves
 + Level 0.7 Slings
 + Level 0.7 Bows
 + Level 0.7 Crossbows
 + Level 0.7 Throwing
 + Level 0.7 Armour
 + Level 4.5 Dodging
 + Level 0.7 Stealth
 + Level 0.7 Shields
 + Level 6.5 Unarmed Combat
 + Level 5.0 Spellcasting
 + Level 0.5 Conjurations
 + Level 0.5 Hexes
 + Level 0.5 Charms
 + Level 0.5 Summonings
 + Level 0.5 Necromancy
 + Level 0.5 Translocations
 + Level 3.7 Transmutations
 + Level 0.5 Fire Magic
 + Level 0.5 Ice Magic
 + Level 0.5 Air Magic
 + Level 0.5 Earth Magic
 + Level 0.5 Poison Magic
 + Level 0.9 Invocations
 + Level 0.7 Evocations


You had 6 spell levels left.
You knew the following spells:

 Your Spells              Type           Power        Failure   Level  Hunger
a - Beastly Appendage     Tmut           ####..       1%          1    None
b - Sticks to Snakes      Tmut           ####....     1%          2    None
c - Spider Form           Tmut/Pois      ####......   1%          3    ##.....

Your spell library contained the following spells:

 Spells                   Type           Power        Failure   Level  Hunger
 Blade Hands              Tmut           ####......   8%          5    #####..
 Ice Form                 Ice/Tmut       ####....     5%          4    ####...


Dungeon Overview and Level Annotations

Branches:
Dungeon (2/15)

Altars:


Innate Abilities, Weirdness & Mutations

Your experience applies equally to all skills.
You have very sharp teeth.
Your uncanny sense of smell can sniff out nearby items.


Message History

The bat closely misses you. The adder bites you but does no damage.
You climb upwards.
There is a stone staircase leading down here.
Casting: Beastly Appendage (safe; 3% risk of failure)
Confirm with . or Enter, or press ? or * to list all spells.
You create 2 snakes!
You now have 10 arrows.
The adder bites you.
* * * LOW HITPOINT WARNING * * *
You are lethally poisoned!
The adder poisons you!
* * * LOW HITPOINT WARNING * * *
You feel sick. The adder barely misses you.
You swap places.
Your ball python completely misses the adder. x2
Your ball python bites the adder.
Your ball python grabs the adder.
Your ball python constricts the adder.
The adder bites your ball python.
Your ball python is poisoned.
The adder poisons your ball python!
It was a potion of brilliance.
You feel clever all of a sudden.
You die...

#.# #.##.# #.##
##.####.. #.#
#.##.# #..#
#..# ### #.#
#..#.# ##.#
#.## #.#
##.#.####.# #.#
..# #.#...##.#
#.# ###
#.###.##S# #.#
#.# #.##S# #.#
#.# #.##S# #.#
#.# #.##@# #.#
#.# #.##.# #.#
#.# #.##.#
#.####### # #.#
#.##.#
######.†......
#########.#
#.##.#
#......#######
..........#
#....# #..#.#.#
###########
#..#####..#.#.#
#.............#
#..####.#.#.###


You could see an adder and 2 friendly ball pythons.

Vanquished Creatures
  A leopard gecko (D:1)
  A ball python (D:1)
  5 bats (D:1)
  2 giant cockroaches (D:1)
  2 goblins (D:1)
  7 hobgoblins (D:1)
  6 kobolds (D:1)
  2 frilled lizards (D:1)
  6 rats
32 creatures vanquished.

Notes
Turn   | Place    | Note
-------+----------+-------------------------------------------
     0 | D:1      | Cunctator the Gnoll Transmuter began the quest for the Orb.
     0 | D:1      | Reached XP level 1. HP: 17/17 MP: 6/6
   305 | D:1      | Reached XP level 2. HP: 19/23 MP: 7/7
  1265 | D:1      | Reached XP level 3. HP: 22/28 MP: 7/9
  1282 | D:1      | Reached skill level 5 in Spellcasting
  1610 | D:1      | Learned a level 2 spell: Sticks to Snakes
  1614 | D:1      | Learned a level 3 spell: Spider Form
  1812 | D:1      | HP: 1/28 [poisoned by an adder]
  1814 | D:1      | Succumbed to an adder's poison

Vault maps used:
D:1:      wheals_arrival_linesprint
D:2:      minmay_distorted, uniq_natasha

Skill      XL: |  1  2  3 |
---------------+----------+-----
Spellcasting   | 5 |  5.0
Fighting       | |  2.6
Short Blades   | |  0.7
Long Blades    | |  0.7
Axes           | |  0.7
Maces & Flails | |  0.7
Polearms       | |  0.7
Staves         | |  0.7
Slings         | |  0.7
Bows           | |  0.7
Crossbows      | |  0.7
Throwing       | |  0.7
Armour         | |  0.7
Dodging        | |  4.5
Stealth        | |  0.7
Shields        | |  0.7
Unarmed Combat | |  6.5
Conjurations   | |  0.5
Hexes          | |  0.5
Charms         | |  0.5
Summonings     | |  0.5
Necromancy     | |  0.5
Translocations | |  0.5
Transmutations | |  3.7
Fire Magic     | |  0.5
Ice Magic      | |  0.5
Air Magic      | |  0.5
Earth Magic    | |  0.5
Poison Magic   | |  0.5
Invocations    | |  0.9
Evocations     | |  0.7

Action                   || total
-------------------------++-------
Melee: Club              ||   118
       Unarmed           ||     9
       Bite              ||    12
       Kick              ||     4
       Headbutt          ||     7
 Cast: Beastly Appendage ||     7
       Sticks to Snakes  ||     1
  Use: Potion            ||     1
 Stab: Sleeping          ||     2
  Eat: Chunk             ||     3
Armor: Robe              ||    32
Dodge: Dodged            ||   129

Table legend:
 A = Spawn XP
 B = Non-spawn XP
 C = Spawn XP percentage of total XP
 D = Spawn monster count
 E = Non-spawn monster count
 F = Spawn count percentage of total count
 G = Total turns spent on level
                    A         B        C        D         E        F      G
               +---------+---------+-------+---------+---------+-------+---------
         Total |       0 |      51 |   0.0 |       0 |      32 |   0.0 |  1814
               +---------+---------+-------+---------+---------+-------+---------
           D:1 |       0 |      50 |   0.0 |       0 |      31 |   0.0 |  1741
           D:2 |       0 |       1 |   0.0 |       0 |       1 |   0.0 |    73
               +---------+---------+-------+---------+---------+-------+---------
